 Dungeon Crawl Stone Soup version 0.23.0-3-gf3c87f2 (webtiles) character file.

Game seed: 4134279272984505031

62 Scud the Sneak (level 3, -10/18 HPs)
             Began as a Spriggan Assassin on Feb 23, 2019.
             Killed by nerve-wracking pain
             ... invoked by an orc priest
              (12 damage)
             ... on level 3 of the Dungeon.
             The game lasted 00:08:39 (2144 turns).

Scud the Sneak (Spriggan Assassin)                  Turns: 2144, Time: 00:08:40

Health: -10/18     AC:  6    Str:  7    XL:     3   Next: 85%
Magic:  4/4        EV: 31    Int: 12    God:
Gold:   68         SH:  6    Dex: 18    Spells: 2/2 levels left

rFire    . . .     SeeInvis +   n - +0 hunting sling
rCold    . . .     Gourm    .   t - +1 buckler {AC+3}
rNeg     . . .     Faith    .   x - +0 robe
rPois    .         Spirit   .   (helmet restricted)
rElec    .         Reflect  .   d - +0 cloak
rCorr    .         Harm     .   (gloves unavailable)
MR       .....                  (boots unavailable)
Stlth    ++++......             y - amulet of the acrobat
HPRegen  0.06/turn              h - ring of wizardry
MPRegen  0.09/turn              (no ring)

@: acrobat, very quick
A: very small, unfitting armour, see invisible, herbivore, speed 3, slow
metabolism 2
a: no special abilities


You were on level 3 of the Dungeon.
You were not hungry.

You visited 1 branch of the dungeon, and saw 3 of its levels.

You collected 68 gold pieces.

Inventory:

Hand Weapons
 a - a +2 dagger
 b - a +0 blowgun
 n - a +0 hunting sling (weapon)
Missiles
 e - 8 poisoned needles
 f - 2 curare-tipped needles
 u - 53 stones (quivered)
Armour
 d - a +0 cloak (worn)
 t - a +1 buckler of protection (worn)
 x - a +0 robe (worn)
Jewellery
 h - a ring of wizardry (left hand)
 y - an amulet of the acrobat (around neck)
Scrolls
 c - a scroll of enchant weapon {unknown}
 j - a scroll of magic mapping
Potions
 i - a potion of magic
Comestibles
 g - 5 rations


   Skills:
 + Level 1.6 Fighting
 + Level 2.6 Short Blades
 + Level 1.7(2.4) Slings
 + Level 2.0(2.3) Throwing
 + Level 2.0 Dodging
 + Level 7.2 Stealth
 + Level 0.1 Shields


You had 2 spell levels left.
You didn't know any spells.
Your spell library was empty.

Dungeon Overview and Level Annotations

Branches:
Dungeon (3/15)

Altars:
Elyvilon
Hepliaklqana


Innate Abilities, Weirdness & Mutations

You are very small and have problems with some larger weapons.
You are too small for most types of armour.
You have supernaturally acute eyesight. (SInv)
You are a herbivore.
You cover ground extremely quickly.
You need to consume almost no food.


Message History

You shoot a stone. The stone hits the orc.
The orc is severely wounded.
Firing (i - inventory)
u - 56 stones (quivered)
Press: ? - help, Shift-Dir - straight line, f/p - orc
Aim: an orc, wielding a +0 flail (severely wounded)
You shoot a stone. The stone hits the orc.
You kill the orc!
Firing (i - inventory)
u - 55 stones (quivered)
Press: ? - help, Shift-Dir - straight line, f - orc priest
Aim: an orc priest You shoot a stone.
The stone barely misses the orc priest.
Firing (i - inventory)
u - 54 stones (quivered)
Press: ? - help, Shift-Dir - straight line, f/p - orc priest
Aim: an orc priest You shoot a stone.
The stone hits the orc priest but does no damage.
The orc priest calls down the wrath of Beogh upon you.
Pain shoots through your body!
Ouch! That really hurt!
You die...

#.# #.......#.###.# # #..
#...#...#(....# ..
####.###....#+##.#####.#
.........#......o#.....#
..###.####...........#
..###..# #.......#.#.#
.......###.........#.#
..####..##.......#...##
..###.).##......@#...^#
....#............#....######
..#.#.#..)###+#..#.........#
..#...#...# ...#.........#
..#####...# ....#.........#
.. #..†# ##.#.#<........# ..
#...........##........# ..
#.....#.#.#.##........# ..
#...... .. #........#


You could see an orc priest.

Vanquished Creatures
  2 adders
  2 worms
  A dart slug (D:2)
  2 orcs (D:3)
  2 ball pythons
  3 bats
  A giant cockroach (D:2)
  3 hobgoblins
  3 jackals (D:2)
  4 kobolds
  A quokka (D:2)
  5 frilled lizards
  5 rats
34 creatures vanquished.

Notes
Turn   | Place    | Note
-------+----------+-------------------------------------------
     0 | D:1      | Scud the Spriggan Assassin began the quest for the Orb.
     0 | D:1      | Reached XP level 1. HP: 10/10 MP: 2/2
   169 | D:1      | Reached skill level 6 in Stealth
   924 | D:2      | Reached XP level 2. HP: 14/14 MP: 3/3
   954 | D:2      | Found a hazy altar of Hepliaklqana.
  1216 | D:2      | Reached skill level 7 in Stealth
  1398 | D:2      | Reached XP level 3. HP: 16/18 MP: 4/4
  1417 | D:2      | Reached skill level 1 in Slings
  2112 | D:3      | Found a white marble altar of Elyvilon.
  2144 | D:3      | Killed from afar by an orc priest

Skill      XL: |  1  2  3 |
---------------+----------+-----
Stealth        | 6 7 |  7.2
Slings         | 1 |  1.7
Dodging        | 2 |  2.0
Fighting       | |  1.6
Short Blades   | |  2.6
Throwing       | |  2.0
Shields        | |  0.1

Action                   || total
-------------------------++-------
Melee: Dagger            ||   111
 Fire: Hunting sling     ||    31
  Use: Scroll            ||    10
       Potion            ||     1
 Stab: Sleeping          ||    10
Armor: Robe              ||    15
Dodge: Dodged            ||    56
Block: Buckler           ||    22
